 Dungeon Crawl Stone Soup version 0.29-a0-25-g7f48f510a0 (webtiles) character file.

Game seed: 1798565465553850793

113 Nattfarinn the Stinger (level 4, 0/24 HPs)
             Began as a Deep Elf Venom Mage on Jan 31, 2022.
             Slain by a centaur (2 damage)
             ... on level 4 of the Dungeon.
             The game lasted 00:04:08 (3875 turns).

Nattfarinn the Stinger (Deep Elf Venom Mage)        Turns: 3875, Time: 00:04:08

Health: 0/24       AC:  2    Str:  7    XL:     4   Next: 65%
Magic:  8/12       EV: 12    Int: 20    God:
Gold:   161        SH:  0    Dex: 15    Spells: 9/12 levels left

rFire   . . .      SeeInvis .   p - staff of earth
rCold   . . .      Faith    .   (no shield)
rNeg    . . .      Spirit   .   a - +0 robe
rPois   .          Reflect  .   (no helmet)
rElec   .          Harm     .   (no cloak)
rCorr   .          Rampage  .   (no gloves)
Will    .....                   (no boots)
Stlth   ++........              (no amulet)
HPRegen 0.08/turn               n - ring of flight
MPRegen 0.13/turn               (no ring)

@: flying
A: no striking features
a: no special abilities


You were on level 4 of the Dungeon.
You visited 1 branch of the dungeon, and saw 4 of its levels.

You collected 161 gold pieces.

Inventory:

Armour
 a - a +0 robe (worn)
Magical Staves
 p - a staff of earth (weapon)
Jewellery
 n - a ring of flight (left hand)
 t - an amulet of reflection
Scrolls
 b - 2 scrolls of identify {unknown}
 g - 3 scrolls of silence {unknown}
 i - a scroll of holy word {unknown}
 j - a scroll of vulnerability {unknown}
 m - a scroll of teleportation {unknown}
Potions
 c - 2 potions of heal wounds {unknown}
 d - a potion of resistance {unknown}
 e - 3 potions of haste {unknown}
 f - 3 potions of curing {unknown}
 h - a potion of mutation {unknown}
 k - 2 potions of berserk rage {unknown}
 l - 2 potions of lignification {unknown}
 o - a potion of brilliance {unknown}
 q - a potion of flight {unknown}
 r - a potion of invisibility {unknown}
 s - a potion of magic {unknown}


   Skills:
 - Level 2.4 Dodging
 - Level 2.4 Stealth
 + Level 4.5 Spellcasting
 - Level 1.1 Transmutations
 * Level 5.3 Poison Magic


You had 9 spell levels left.
You knew the following spells:

 Your Spells              Type           Power      Damage    Failure   Level
a - Sting                 Tmut/Pois      68%        1d6       3%          1
b - Poisonous Vapours     Pois/Air       30%        N/A       6%          2

Your spell library contained the following spells:

 Spells                   Type           Power      Damage    Failure   Level
 Foxfire                  Conj/Fire      16%        2x1d4     12%         1
 Olgreb's Toxic Radiance  Pois           25%        N/A       14%         4
 Mephitic Cloud           Conj/Pois/Air  11%        N/A       19%         3
 Fulminant Prism          Conj/Hex       2%         3d6       77%         4
 Starburst                Conj/Fire      2%         6d3       100%        6
 Fire Storm               Conj/Fire      2%         8d1       100%        9


Dungeon Overview and Level Annotations

Branches:
Dungeon (4/15)
 Temple: D:4-7

Altars:

Shops:
D:1 ?


Message History

Confirm with . or Enter, or press ? or * to list all spells.
Aiming: Sting (safe; 3% risk of failure)
Press: ? - help, Shift-Dir - straight line, f/p - hound
Aim: a hound (almost dead, very poisoned, 64% to hit)
The sting hits the hound.
The hound looks even sicker.
You kill the hound!
Things that are here:
16 bolts; a hound corpse
There is an open door here.
You see here a giant cockroach corpse.
t - an amulet of reflection A centaur comes into view.
Poisonous vapours surround the centaur!
The centaur is poisoned.
The centaur shouts!
The centaur wields a +0 shortbow.
The centaur shoots an arrow.
The arrow hits you!
Poisonous vapours surround the centaur!
The centaur looks even sicker.
The centaur shoots an arrow.
The arrow hits you!
Ouch! That really hurt!
* * * LOW HITPOINT WARNING * * *
As you close the door, it creaks loudly!
You start resting.
Something unseen opens the door.
You reach down and close the door.
Something unseen opens the door.
You reach down and close the door.
Something unseen opens the door.
You reach down and close the door.
You start resting.
Something unseen opens the door.
You are too injured to fight recklessly!
Casting: Poisonous Vapours (safe; 6% risk of failure)
Confirm with . or Enter, or press ? or * to list all spells.
Aiming: Sting (safe; 3% risk of failure)
Press: ? - help, Shift-Dir - straight line, f/p - centaur
Aim: a centaur, wielding a +0 shortbow, wearing a +0 robe and quivering arrows (heavily wounded, poisoned, 84% to hit)
The sting hits the centaur but does no damage.
The centaur looks even sicker.
The centaur is heavily wounded.
The centaur unwields a +0 shortbow.
The centaur hits you.
* * * LOW HITPOINT WARNING * * *
The centaur kicks you.
You die...

#.##'###.##..###...#
#.##..##.##..###...#
...................#
...................#
...................#
#...####..##.##.##.#
.. #..##.##.#### .
.....#.....#
......#....@#
.......#.....c......
####'# #########...#
.#


You could see a centaur (very poisoned).

Vanquished Creatures
  A hound (D:4)
  3 adders
  A worm (D:2)
  A dart slug (D:3)
  4 orcs (D:3)
  3 endoplasms
  4 giant cockroaches
  5 hobgoblins
  2 jackals (D:2)
  3 kobolds
  2 quokkas (D:3)
  6 ball pythons
  3 bats (D:2)
  5 frilled lizards
  A goblin (D:2)
  2 rats
46 creatures vanquished.

Notes
Turn   | Place    | Note
-------+----------+-------------------------------------------
     0 | D:1      | Nattfarinn the Deep Elf Venom Mage began the quest for the
                  | Orb.
     0 | D:1      | Reached XP level 1. HP: 10/10 MP: 6/6
   128 | D:1      | Found a faded altar of an unknown god.
   276 | D:1      | Found Qituquof's Magic Scroll Shop.
   348 | D:1      | Got the Papyrus of Conjuration
   815 | D:2      | Reached XP level 2. HP: 15/15 MP: 6/8
   945 | D:2      | Reached skill level 4 in Poison Magic
  1275 | D:2      | Reached XP level 3. HP: 13/19 MP: 3/10
  1734 | D:2      | Learned a level 2 spell: Poisonous Vapours
  2760 | D:3      | Reached XP level 4. HP: 15/24 MP: 1/12
  3451 | D:4      | Reached skill level 5 in Poison Magic
  3865 | D:4      | Noticed a centaur
  3875 | D:4      | Slain by a centaur

Illustrated notes

Levels and vault maps discovered:
D:1:      roderic_crossed_star, layout_basic,
          hellmonk_ecumenical_altar_arch_garden, serial_shops, shop_fountains
D:2:      layout_basic
D:3:      layout_basic, mrwooster_statue_mirror
D:4:      layout_gridville, uniq_pikel

Skill      XL: |  1  2  3  4 |
---------------+-------------+-----
Poison Magic   | 4 5 |  5.3
Spellcasting   | 4 |  4.5
Dodging        | |  2.4
Stealth        | |  2.4
Transmutations | |  1.1

Action                   |  1- 3 |  4- 6 || total
-------------------------+-------+-------++-------
Melee: Unarmed           |     2 |       ||     2
       Staff             |       |     5 ||     5
 Cast: Sting             |    84 |    11 ||    95
       Poisonous Vapours |       |     8 ||     8
Armor: Robe              |     3 |     3 ||     6
Dodge: Dodged            |    13 |    15 ||    28

Table legend: (Time is in decaauts)
 A = Elapsed time spent in this place.
 B = Non-inter-level travel time spent in this place.
 C = Inter-level travel time spent in this place.
 D = Time resting spent in this place.
 E = Time spent auto-exploring this place.
 F = Levels seen in this place.
 G = Mean time per level.
                   A        B        C        D        E       F      G
               +--------+--------+--------+--------+--------+-----+--------+
         Total |   3877 |   3590 |    287 |     59 |   3194 |   4 |  969.2 |
       Dungeon |   3877 |   3590 |    287 |     59 |   3194 |   4 |  969.2 |
               +--------+--------+--------+--------+--------+-----+--------+

Top non-repeatable levels by time:
     D:2: 1547 daAuts
     D:3: 1018 daAuts
     D:1: 800 daAuts
     D:4: 511 daAuts
